 Dungeon Crawl Stone Soup version 0.20-a0-991-g93344ec (webtiles) character file.

40 Multipenetrator the Charlatan (level 3, 0/18 HPs)
             Began as a Spriggan Artificer on Apr 11, 2017.
             Slain by a hobgoblin (5 damage)
             ... led by Robin
             ... on level 2 of the Dungeon.
             The game lasted 00:04:37 (849 turns).

Multipenetrator the Charlatan (Spriggan Artificer)   Turns: 849, Time: 00:04:38

Health: 0/18       AC:  2    Str:  8    XL:     3   Next: 30%
Magic:  7/7        EV: 19    Int: 17    God:
Gold:   58         SH:  0    Dex: 17    Spells: 2/2 levels left

rFire    . . .     SeeInvis +   a - +0 short sword
rCold    . . .     Gourm    .   (shield restricted)
rNeg     . . .     Faith    .   b - +0 robe
rPois    .         Spirit   .   (helmet restricted)
rElec    .         Reflect  .   (no cloak)
rCorr    .         Harm     .   (gloves unavailable)
MR       .....                  (boots unavailable)
Stlth    ++........             (no amulet)
Regen    0.1/turn               (no ring)
MPRegen  0.1/turn               (no ring)

@: brilliant, very quick
A: unfitting armour, see invisible, herbivore 3, speed 3, slow metabolism 2
a: no special abilities


You were on level 2 of the Dungeon.
You were not hungry.

You visited 1 branch of the dungeon, and saw 2 of its levels.

You collected 58 gold pieces.

Inventory:

Hand Weapons
 a - a +0 short sword (weapon)
Armour
 b - a +0 robe (worn)
 m - a +0 pair of boots
Wands
 c - a wand of flame (9/48)
 d - a wand of enslavement (13/24)
 e - a wand of random effects (15/48)
Scrolls
 h - 2 scrolls of recharging {unknown}
 i - a scroll of identify {unknown}
 j - a scroll of teleportation {unknown}
 l - a scroll of enchant armour {unknown}
Comestibles
 f - 2 bread rations


   Skills:
 + Level 1.0 Fighting
 + Level 1.4 Short Blades
 + Level 3.5 Dodging
 + Level 2.4 Stealth
 + Level 5.0 Evocations


You had 2 spell levels left.
You didn't know any spells.

Dungeon Overview and Level Annotations

Branches:
Dungeon (2/15)

Altars:


Innate Abilities, Weirdness & Mutations

You are very small and have problems with some larger weapons.
You are too small for most types of armour.
You have supernaturally acute eyesight. (SInv)
You are a herbivore.
You cover ground extremely quickly.
You need consume almost no food.


Message History

This wand has 10 charges left.
The goblin no longer looks unusually strong.
Robin roars a battlecry!
The goblin goes into a battle-frenzy!
Evoke which item? (* to show all) (? for menu, Esc to quit)
Aiming: Throw Flame
Press: ? - help, Shift-Dir - straight line, f/p - Robin
Aim: Robin, wielding a spear, wearing an animal skin and wearing a helmet (moderately wounded)
The puff of flame hits Robin.
You kill Robin!
Your Evocations skill increases to level 5!
This wand has 9 charges left.
A goblin comes into view. It is wielding a dagger.
You closely miss the hobgoblin.
The goblin moves out of view.
You completely miss the goblin. The hobgoblin completely misses you.
The goblin closely misses you.
You hit the hobgoblin.
The hobgoblin is moderately wounded.
The hobgoblin hits you.
You die...

#.....# ##<##.#
##### #.##.##
##...##
#.#...####.....#
#.....(.(......#
###...####)....#
##.## ##.<.##
#.# ####.## ..#
#gg@.# .###
#)#### #. #g# #
#g# #.# #g# #g#
... .#[


You could see a hobgoblin and a goblin.

Vanquished Creatures
  Robin (D:2)
  An adder (D:2)
  A leopard gecko (D:1)
  A giant cockroach (D:1)
  4 goblins
  A hobgoblin (D:2)
  A ball python (D:1)
  A bat (D:1)
  3 kobolds
  3 rats
17 creatures vanquished.

Vanquished Creatures (collateral kills)
  A worm (D:2)
  A goblin (D:2)
  A rat (D:2)
3 creatures vanquished.

Grand Total: 20 creatures vanquished

Notes
Turn   | Place    | Note
-------+----------+-------------------------------------------
     0 | D:1      | Multipenetrator the Spriggan Artificer began the quest for the Orb.
     0 | D:1      | Reached XP level 1. HP: 9/9 MP: 4/4
   208 | D:1      | Reached skill level 1 in Fighting
   582 | D:1      | Reached XP level 2. HP: 14/14 MP: 6/6
   821 | D:2      | Noticed Robin
   834 | D:2      | Reached XP level 3. HP: 9/18 MP: 7/7
   844 | D:2      | Killed Robin
   844 | D:2      | Reached skill level 5 in Evocations
   849 | D:2      | Slain by a hobgoblin

Vault maps used:
D:1:      dpeg_arrival_connections, serial_forest, infiniplex_forest_diagonal,
          infiniplex_forest_straight_5, infiniplex_forest_straight_5,
          infiniplex_forest_clump_curved, infiniplex_forest_zigzag_1,
          st_stairs_7
D:2:      uniq_natasha, uniq_robin

Skill      XL: |  1  2  3 |
---------------+----------+-----
Fighting       | 1 |  1.0
Stealth        | 2 |  2.4
Evocations     | 5 |  5.0
Short Blades   | |  1.4
Dodging        | |  3.5

Action                   || total
-------------------------++-------
Melee: Short sword       ||    37
Evoke: Wand              ||     8
  Use: Potion            ||     2
 Stab: Sleeping          ||     4
Armor: Robe              ||     2
Dodge: Dodged            ||    30
